 Dungeon Crawl Stone Soup version 0.31-a0-700-gf13585253f (webtiles) character file.

Game seed: 10817365648087209799

49 subawu the Conjurer (level 3, -1/27 HPs)
             Began as a Draconian Conjurer on Sept 7, 2023.
             Slain by a gnoll
             ... wielding a +0 club
              (5 damage)
             ... on level 3 of the Dungeon.
             The game lasted 00:05:04 (1834 turns).

subawu the Conjurer (Draconian Conjurer)            Turns: 1834, Time: 00:05:05

Health: -1/27      AC:  5    Str:  9    XL:     3   Next: 51%
Magic:  15/15      EV: 12    Int: 20    God:
Gold:   94         SH:  0    Dex:  9    Spells: 5/6 levels left

rFire   . . .        d - +0 dagger
rCold   . . .        (no shield)
rNeg    . . .        (body armour unavailable)
rPois   .            (helmet restricted)
rElec   .            (no cloak)
rCorr   +            (no gloves)
SInv    .            (no boots)
Will    .....        (no amulet)
Stlth   ++           k - ring of magical power
HPRegen 0.24/turn    b - ring of resist corrosion
MPRegen 0.14/turn

%: no passive effects
@: no status effects
A: AC +5, unfitting armour, cold-blooded
a: no special abilities


You were on level 3 of the Dungeon.
You visited 1 branch of the dungeon, and saw 3 of its levels.

You collected 94 gold pieces.

Inventory:

Hand Weapons
 d - a +0 dagger (weapon)
Jewellery
 b - a ring of resist corrosion (right hand)
 k - a ring of magical power (left hand)
Scrolls
 c - a scroll of enchant armour {unknown}
 i - a scroll of identify {unknown}
 l - a scroll of silence {unknown}
Potions
 e - 2 potions of haste {unknown}
 f - a potion of cancellation {unknown}
 g - a potion of curing {unknown}
 h - 2 potions of invisibility {unknown}
 j - a potion of heal wounds {unknown}


   Skills:
 + Level 0.3 Fighting
 + Level 1.1 Short Blades
 + Level 2.1 Dodging
 + Level 2.0 Stealth
 + Level 2.1 Spellcasting
 + Level 4.6 Conjurations


You had 5 spell levels left.
You knew the following spells:

 Your Spells              Type           Power      Damage    Failure   Level
a - Magic Dart            Conj           80%        1d7       2%          1

Your spell library contained the following spells:

 Spells                   Type           Power      Damage    Failure   Level
 Searing Ray              Conj           40%        2d5       3%          2
 Dazzling Flash           Conj/Hex       22%        N/A       19%         3
 Fulminant Prism          Conj/Hex       5%         3d6       52%         4
 Iskenderun's Mystic Bla  Conj/Tloc      11%        2d4       52%         4


Dungeon Overview and Level Annotations

Branches:
Dungeon (3/15)

Altars:


Innate Abilities, Weirdness & Mutations

Your plain brown scales are hard. (AC +5)
You cannot fit into any form of body armour.
You are cold-blooded and may be slowed by cold attacks.


Message History

Aim: a gnoll, wielding a +0 flail (moderately wounded, 100% to hit)
The magic dart hits the gnoll.
The gnoll is moderately wounded.
The gnoll barely misses you.
Casting: Magic Dart (safe; 2% risk of failure)
Confirm with . or Enter, or press ? or * to list all spells.
Aiming: Magic Dart (safe; 2% risk of failure)
Press: ? - help, Shift-Dir - straight line, f/p - gnoll
Aim: a gnoll, wielding a +0 flail (moderately wounded, 100% to hit)
The magic dart hits the gnoll.
The gnoll is heavily wounded.
The gnoll hits you with a +0 flail.
Casting: Magic Dart (safe; 2% risk of failure)
Confirm with . or Enter, or press ? or * to list all spells.
Aiming: Magic Dart (safe; 2% risk of failure)
Press: ? - help, Shift-Dir - straight line, f/p - gnoll
Aim: a gnoll, wielding a +0 flail (heavily wounded, 100% to hit)
The magic dart hits the gnoll.
The gnoll is almost dead.
The gnoll hits you with a +0 flail! The gnoll hits you with a +0 club.
* * * LOW HITPOINT WARNING * * *
You hit the gnoll.
Your tail-slap misses the gnoll.
The gnoll is lightly wounded.
The gnoll closely misses you. The gnoll barely misses you.
You closely miss the gnoll.
Your tail-slap misses the gnoll.
The gnoll is lightly wounded.
The gnoll hits you but does no damage. The gnoll misses you.
The gnoll barely misses you.
Casting: Magic Dart (safe; 2% risk of failure)
Confirm with . or Enter, or press ? or * to list all spells.
Aiming: Magic Dart (safe; 2% risk of failure)
Press: ? - help, Shift-Dir - straight line, f/p - gnoll
Aim: a gnoll, wielding a +0 flail (almost dead, 100% to hit)
The magic dart hits the gnoll.
You kill the gnoll!
The gnoll closely misses you. x2
Magic courses through your body. The gnoll hits you with a +0 club.
* * * LOW HITPOINT WARNING * * *
The gnoll hits you with a +0 club.
You die...

#######.###......##...#.
#.##........#...##
#........####....#
#....#..####.....#
#...##.........._#
#.#.##.###.......#
+...##...........#
#..###..........##
#........g@#....#
#..###.<.)g#...##
#......##...#
#.##...#...## .
..).##...# #.#..#....#
#....##...## ../###....#
#....#


You could see 2 gnolls.

Vanquished Creatures
  2 gnolls (D:3)
  An adder (D:2)
  A dart slug (D:2)
  4 ball pythons (D:2)
  An endoplasm (D:2)
  2 goblins (D:2)
  A quokka (D:2)
  A bat (D:1)
  4 frilled lizards
  2 kobolds
  2 rats
21 creatures vanquished.

Notes
Turn   | Place    | Note
-------+----------+-------------------------------------------
     0 | D:1      | subawu the Draconian Conjurer began the quest for the Orb.
     0 | D:1      | Reached XP level 1. HP: 14/14 MP: 3/3
   821 | D:2      | Reached XP level 2. HP: 19/20 MP: 5/5
   992 | D:2      | Reached skill level 1 in Short Blades
  1596 | D:3      | Reached XP level 3. HP: 25/26 MP: 6/6
  1787 | D:3      | Found a faded altar of an unknown god.
  1834 | D:3      | Slain by a gnoll

Illustrated notes

Levels and vault maps discovered:
D:1:      amcnicky_arrival_blooded_trapdoor, layout_loops_ring,
          kennysheep_small_spiral
D:2:      layout_loops_ring
D:3:      layout_rooms, lemuel_tele_altar, hellmonk_ecumenical_altar_zigzags,
          hangedman_decor_riveting, reono_crystal_passage, minmay_pentangle,
          uniq_robin, uniq_jessica

Skill      XL: |  1  2  3 |
---------------+----------+-----
Short Blades   | 1 |  1.1
Dodging        | 2 |  2.1
Stealth        | 2 |  2.0
Fighting       | |  0.3
Spellcasting   | |  2.1
Conjurations   | |  4.6

Action                     || total
---------------------------++-------
  Melee: Dagger            ||    79
         Tailslap          ||    11
         Unarmed           ||     1
   Cast: Magic Dart        ||    19
    Use: Potion            ||     1
   Stab: Sleeping          ||     1
 Armour: Skin              ||    48
  Dodge: Dodged            ||    49

Table legend: (Time is in decaauts)
 A = Elapsed time spent in this place.
 B = Non-inter-level travel time spent in this place.
 C = Inter-level travel time spent in this place.
 D = Time resting spent in this place.
 E = Time spent auto-exploring this place.
 F = Levels seen in this place.
 G = Mean time per level.
                   A        B        C        D        E       F      G
               +--------+--------+--------+--------+--------+-----+--------+
         Total |   1829 |   1774 |     55 |      0 |   1225 |   3 |  609.7 |
       Dungeon |   1829 |   1774 |     55 |      0 |   1225 |   3 |  609.7 |
               +--------+--------+--------+--------+--------+-----+--------+

Top non-repeatable levels by time:
     D:2: 815 daAuts
     D:1: 762 daAuts
     D:3: 252 daAuts
